 Dungeon Sprint DCSS version 0.29.1-15-g9cfb28693d (webtiles) character file.

Game seed: 17502635230592362848

192 Groucho the Shield-Bearer (level 5, -2/53 HPs)
             Began as a Minotaur Fighter on Mar 24, 2023.
             Slain by an ogre
             ... wielding a +0 giant spiked club
              (16 damage)
             ... in the Dungeon (Sprint IX: "|||||||||||||||||||||||||||||").
             The game lasted 00:00:17 (41 turns).

Groucho the Shield-Bearer (Minotaur Fighter)          Turns: 41, Time: 00:00:17

Health: -2/53      AC:  8    Str: 22    XL:     5   Next: 42%
Magic:  4/4        EV:  9    Int:  5    God:
Gold:   0          SH:  5    Dex: 10    Spells: 4/4 levels left

rFire   . . .      SeeInvis .   a - +0 war axe
rCold   . . .      Faith    .   c - +0 buckler
rNeg    . . .      Spirit   .   b - +0 scale mail
rPois   .          Reflect  .   (helmet restricted)
rElec   .          Harm     .   (no cloak)
rCorr   .          Rampage  .   (no gloves)
Will    .....      NoTele   +   (no boots)
Stlth   ..........              (no amulet)
HPRegen 0.17/turn               (no ring)
MPRegen 0.09/turn               (no ring)

@: no status effects
A: horns 2, retaliatory headbutt
a: no special abilities


You were in the Dungeon.
You visited 1 branch

Inventory:

Hand Weapons
 a - a +0 war axe (weapon)
Armour
 b - a +0 scale mail (worn)
 c - a +0 buckler (worn)
Scrolls
 j - a scroll of blinking
Potions
 d - a potion of might
 e - a potion of curing
 f - a potion of heal wounds
 g - a potion of haste
 h - 2 potions of magic
 i - a potion of berserk rage


   Skills:
 + Level 7.6 Fighting
 + Level 7.1 Axes
 + Level 7.6 Armour
 + Level 7.7 Shields


You had 4 spell levels left.
You didn't know any spells.
Your spell library was empty.

Dungeon Overview and Level Annotations

Branches:
Dungeon (1/1)

Altars:


Innate Abilities, Weirdness & Mutations

You have a pair of horns on your head.
You reflexively headbutt those who attack you in melee.


Message History

The orc barely misses you.
You barely miss the orc. You headbutt the orc.
You kill the orc!
The jelly hits you but does no damage.
Your Shields skill increases to level 6!
You slash the jelly!
Your hands burn!
The jelly is severely wounded.
The jelly closely misses you.
You slash the jelly!
You kill the jelly!
Your Fighting skill increases to level 6!
Your Armour skill increases to level 6!
You slash the black bear!
The black bear is moderately wounded.
The black bear closely misses you. You furiously retaliate!
You headbutt the black bear. You block the black bear's attack.
The black bear claws you.
Unknown command.
You slash the black bear!
The black bear is almost dead.
The black bear bites you.
The black bear claws you but does no damage.
You block the black bear's attack.
The black bear goes berserk!
You barely miss the black bear.
The black bear is almost dead.
The black bear bites you but does no damage.
You block the black bear's attack. The black bear claws you.
You hit the black bear.
You kill the black bear!
Your Fighting skill increases to level 7!
Your Axes skill gained 2 levels and is now at level 7!
Your Armour skill increases to level 7!
Your Shields skill increases to level 7!
You have reached level 5!
You barely miss the ogre.
The ogre hits you with a +0 giant spiked club!
* * * LOW HITPOINT WARNING * * *
You hit the ogre but do no damage.
The ogre hits you with a +0 giant spiked club!
You die... ▓▓▓▓▓▓▓▓▓▓▓▓▓▓▓▓▓▓ +.....O@....)...<▓ ▓▓▓▓▓▓▓▓▓▓▓▓▓▓▓▓▓▓

You could see an ogre.

Vanquished Creatures
  A black bear (D)
  A scorpion (D)
  A jelly (D)
  A dart slug (D)
  An orc (D)
  A hobgoblin (D)
  2 bats (D)
  A kobold (D)
9 creatures vanquished.

Notes
Turn   | Place    | Note
-------+----------+-------------------------------------------
     0 | D        | Groucho the Minotaur Fighter began the quest for the Orb.
     0 | D        | Reached XP level 1. HP: 19/19 MP: 0/0
    25 | D        | Noticed an ogre
    25 | D        | Noticed a black bear
    25 | D        | Noticed a jelly
    25 | D        | Noticed a scorpion
    30 | D        | Killed a scorpion
    31 | D        | Reached skill level 5 in Fighting
    31 | D        | Reached skill level 5 in Axes
    31 | D        | Reached skill level 5 in Armour
    31 | D        | Reached skill level 5 in Shields
    31 | D        | Reached XP level 2. HP: 21/30 MP: 1/1
    31 | D        | Reached XP level 3. HP: 26/37 MP: 2/2
    31 | D        | Reached XP level 4. HP: 31/44 MP: 3/3
    39 | D        | Killed a black bear
    40 | D        | Reached XP level 5. HP: 26/53 MP: 4/4
    41 | D        | Slain by an ogre

Illustrated notes

Levels and vault maps discovered:
D:        linesprint [early_d, line_temple, items_1, d_10, items_2, lair_1,
          lair_end, items_3, orc_1, orc_end, items_4, d_15, swamp_1, shoals_1,
          snake_1, spider_1, d_20, vaults_1, items_5, swamp_end, shoals_end,
          snake_end, spider_end, vaults_end, d_27, items_6, zot_1, zot_end,
          crypt_end, forest_end, elf_end, slime_end, tomb_end, abyss_end,
          pan_hell_end]

Skill      XL: |  1  2  3  4 |
---------------+-------------+-----
Shields        | 5 7 |  7.7
Fighting       | 5 7 |  7.6
Armour         | 5 7 |  7.6
Axes           | 5 7 |  7.1

Action                   |  1- 3 |  4- 6 || total
-------------------------+-------+-------++-------
Melee: War axe           |    20 |    11 ||    31
       Headbutt          |     3 |     1 ||     4
Armor: Scale mail        |    11 |     3 ||    14
Dodge: Dodged            |    14 |     3 ||    17
Block: Buckler           |     5 |     4 ||     9
